High Goats vs Icehogs
(R1)
Created - 3 mai 2013 at 19:40
Goals
|
| High Goats |
0 |
1 |
2 |
3 |
| Icehogs |
1 |
3 |
2 |
6 |
|
Shots
|
| High Goats |
8 |
8 |
17 |
33 |
| Icehogs |
5 |
12 |
17 |
34 |
|
1st period
1. Icehogs , Niklas Hagman 44 (Richard Park) at 19:34 (PP)
Penalties :
Vladimir Mihalik (Roc) for High sticking (Minor) at 0:59, Logan Stephenson (Roc) for Roughing (Minor) at 3:24, Jesse Winchester (Buc) for Holding (Minor) at 6:38, Antti Laaksonen (Buc) for High sticking (Minor) at 19:26
2nd period
2. Icehogs , Niklas Hagman 45 (Stanislav Chistov, Andrew Murray) at 2:35
3. Icehogs , Andrew Murray 10 (Stanislav Chistov, Niklas Hagman) at 9:05
4. High Goats , Antti Laaksonen 7 (Anton Stralman) at 10:34
5. Icehogs , Vladimir Mihalik 3 (Josh Hennessy) at 17:19
Penalties :
Ryan Parent (Roc) for Hooking (Minor) at 5:27, Jesse Winchester (Buc) for Roughing (Minor) at 14:15, Paul Ranger (Roc) for Delaying the game (Minor) at 19:07
3rd period
6. High Goats , Anton Stralman 9 (Antti Laaksonen, Jesse Winchester) at 1:53 (PP)
7. Icehogs , Andrew Murray 11 (Niklas Hagman, Stanislav Chistov) at 8:34
8. Icehogs , Ville Nieminen 21 (Jason King, Stanislav Chistov) at 14:47
9. High Goats , Jesse Winchester 18 (Antti Laaksonen, Anton Stralman) at 15:20 (PP)
Penalties :
Travis Moen (Roc) for Tripping (Minor) at 1:45, Matt Frattin (Buc) for Roughing (Minor) at 6:04, Paul Ranger (Roc) for Charging (Minor) at 6:08, Petteri Wirtanen (Buc) for High sticking (Minor) at 6:08, Jiri Tlusty (Buc) for Slashing (Minor) at 10:44, Vladimir Mihalik (Roc) for Fighting (Major) at 14:52, Chris Stewart (Buc) for Fighting (Major) at 14:52, Vladimir Mihalik (Roc) for instigated a fight (Minor) at 14:52, Vladimir Mihalik (Roc) for instigated and being the aggresor in a fight (20 Minutes Game Misconduct) at 14:52, Jiri Tlusty (Buc) for High sticking (Minor) at 15:46, Ryan Parent (Roc) for Hooking (Minor) at 15:55, Arturs Kulda (Buc) for Tripping (Minor) at 19:26
Goalie Stats
Al Montoya (Buc), 11 saves from 15 shots - (0,733), L, 13-13-2, 37:19 minutes
Jean-Sébastien Aubin (Buc), 17 saves from 19 shots - (0,895), 22:41 minutes
José Theodore (Roc), 30 saves from 33 shots - (0,909), W, 33-23-4, 60:00 minutes
Players Stats for High Goats
Player Name G A P +/- PIM S H SB GA TA FO MP PP MP PK MP
------------------------------------------------------------------------------------
Anton Stralman 1 2 3 -1 0 4 3 2 0 0 0/0 29:04 5:27 5:25
Antti Laaksonen 1 2 3 -1 2 4 2 0 0 1 1/2 23:16 5:05 4:58
Arturs Kulda 0 0 0 -2 2 0 1 0 0 0 0/0 12:51 0:00 3:21
Brandon Bollig 0 0 0 0 0 0 2 0 0 0 0/0 10:50 0:00 0:00
Brendon Segal 0 0 0 0 0 1 1 0 0 0 1/1 11:02 0:10 0:00
Chris Stewart 0 0 0 -1 5 3 2 1 1 0 1/1 18:53 4:37 2:14
Drayson Bowman 0 0 0 0 0 0 1 0 0 0 0/0 7:16 0:00 1:08
Gord Baldwin 0 0 0 -1 0 1 2 2 1 0 0/0 18:51 0:09 3:21
Jesse Winchester 1 1 2 -1 4 5 1 1 0 0 13/35 21:15 5:18 1:24
Jiri Tlusty 0 0 0 -3 4 2 1 0 1 1 0/0 14:21 3:26 0:00
Joël Perrault 0 0 0 -3 0 2 0 0 0 1 8/13 15:16 3:17 1:35
Matt Frattin 0 0 0 0 2 0 0 0 0 0 0/0 6:19 0:00 0:00
Matt Taormina 0 0 0 -2 0 0 1 1 0 0 0/0 12:05 3:05 0:00
Nick Bonino 0 0 0 0 0 4 0 0 0 0 0/3 14:23 0:53 0:21
Pavel Brendl 0 0 0 -3 0 1 2 0 1 1 0/1 13:27 3:17 0:00
Petteri Wirtanen 0 0 0 0 2 0 3 0 0 0 3/12 11:04 0:00 4:01
Sami Lepisto 0 0 0 -1 0 5 1 2 2 0 0/0 29:04 5:27 5:25
Thomas Hickey 0 0 0 -1 0 1 0 1 0 0 0/0 18:04 3:14 0:00
Players Stats for Icehogs
Player Name G A P +/- PIM S H SB GA TA FO MP PP MP PK MP
------------------------------------------------------------------------------------
Andrew Murray 2 1 3 3 0 3 1 1 0 0 6/8 12:59 3:04 0:00
Brett Sterling 0 0 0 0 0 3 1 0 0 1 0/0 8:36 0:09 0:27
Darren Helm 0 0 0 1 0 2 0 0 0 1 2/3 10:45 0:09 0:00
Gilbert Brule 0 0 0 0 0 0 3 2 0 0 13/26 15:15 3:38 0:00
Jason King 0 1 1 1 0 2 2 0 0 0 2/2 11:23 0:26 0:00
Josh Hennessy 0 1 1 0 0 3 2 0 1 1 3/5 8:30 0:00 0:27
Karl Alzner 0 0 0 1 0 1 1 2 0 1 0/0 15:19 0:00 3:55
Logan Stephenson 0 0 0 1 2 0 0 0 0 0 0/0 12:40 0:00 0:34
Milan Jurcina 0 0 0 1 0 0 1 2 0 1 0/0 19:32 2:27 2:38
Niklas Hagman 2 2 4 3 0 5 1 0 0 0 11/18 22:21 3:38 5:38
Nikolai Kulemin 0 0 0 0 0 0 0 1 0 0 0/1 15:06 0:00 2:36
Paul Ranger 0 0 0 2 4 2 3 3 1 0 0/0 27:28 4:23 3:30
Richard Park 0 1 1 0 0 4 3 0 0 1 2/3 24:28 3:38 5:38
Ryan Parent 0 0 0 2 4 2 0 1 1 0 0/0 28:48 4:23 4:50
Stanislav Chistov 0 4 4 3 0 1 1 0 1 0 0/0 12:59 3:04 0:00
Travis Moen 0 0 0 0 2 2 0 0 0 0 0/0 7:39 0:00 0:00
Ville Nieminen 1 0 1 1 0 2 4 0 0 0 2/2 16:02 2:47 2:36
Vladimir Mihalik 1 0 1 1 29 2 2 0 0 0 0/0 17:32 2:27 1:55
3 Stars
1 - Niklas Hagman (Roc)
2 - Andrew Murray (Roc)
3 - Stanislav Chistov (Roc)
Power Play
High Goats - 2 on 7 Attempt(s) - 28,57%
Icehogs - 1 on 7 Attempt(s) - 14,29%
Penalty Kill
High Goats - 6 on 7 Attempt(s) - 85,71%
- Score 0 goal in Penalty Kill
Icehogs - 5 on 7 Attempt(s) - 71,43%
- Score 0 goal in Penalty Kill
Official
Referees : Ciamaga Chris and Martell Rob
Linesman : Andy McElman and Darren Gibbs
Game Notes
Jean-Sébastien Aubin enters game at 17:19 of 2nd period
Vladimir Mihalik beats up Chris Stewart at 14:52 of 3rd period
Vladimir Mihalik ejected from game at 14:52 of 3rd period
High Goats
5 vs 5 Forward
Center Left Wing Right Wing Time % Phy DF OF
1 Jesse Winchester Antti Laaksonen Chris Stewart 40 1 2 2
2 Joël Perrault Jiri Tlusty Pavel Brendl 30 1 2 2
3 Nick Bonino Brandon Bollig Brendon Segal 20 1 2 2
4 Petteri Wirtanen Drayson Bowman Matt Frattin 10 1 2 2
5 vs 5 Defense
Defense Defense Time % Phy DF OF
1 Sami Lepisto Anton Stralman 40 1 2 2
2 Gord Baldwin Thomas Hickey 30 1 2 2
3 Arturs Kulda Matt Taormina 20 1 2 2
4 Sami Lepisto Anton Stralman 10 1 2 2
PowerPlay Forward
Center Left Wing Right Wing Time % Phy DF OF
1 Jesse Winchester Antti Laaksonen Chris Stewart 60 1 2 2
2 Joël Perrault Jiri Tlusty Pavel Brendl 40 1 2 2
PowerPlay Defense
Defense Defense Time % Phy DF OF
1 Sami Lepisto Anton Stralman 60 1 2 2
2 Matt Taormina Thomas Hickey 40 1 2 2
Penalty Kill 4 Players Forward
Center Wing Time % Phy DF OF
1 Petteri Wirtanen Antti Laaksonen 60 1 2 2
2 Jesse Winchester Chris Stewart 40 1 2 2
Penalty Kill 4 Players Defense
Defense Defense Time % Phy DF OF
1 Sami Lepisto Anton Stralman 60 1 2 2
2 Gord Baldwin Arturs Kulda 40 1 2 2
Penalty Kill - 3 Players Forward
Forward Time % Phy DF OF
1 Antti Laaksonen 60 1 2 2
2 Chris Stewart 40 1 2 2
Penalty Kill - 3 Players Defense
Defense Defense Time % Phy DF OF
1 Sami Lepisto Anton Stralman 60 1 2 2
2 Gord Baldwin Arturs Kulda 40 1 2 2
4 vs 4 Forward
Center Wing Time % Phy DF OF
1 Jesse Winchester Chris Stewart 60 1 2 2
2 Joël Perrault Pavel Brendl 40 1 2 2
4 vs 4 Defense
Defense Defense Time % Phy DF OF
1 Sami Lepisto Anton Stralman 60 1 2 2
2 Gord Baldwin Thomas Hickey 40 1 2 2
Last Minutes Offensive
Center Left Wing Right Wing Defense Defense
Jesse Winchester Antti Laaksonen Chris Stewart Sami Lepisto Anton Stralman
Last Minutes Defensive
Center Left Wing Right Wing Defense Defense
Jesse Winchester Antti Laaksonen Chris Stewart Sami Lepisto Anton Stralman
Goaltenders
Starting : Al Montoya
Backup : Jean-Sébastien Aubin
Extra Forwards
Normal : Nick Bonino, Jiri Tlusty, Petteri Wirtanen - PP : Nick Bonino, Jiri Tlusty - PK : Petteri Wirtanen
Extra Defensemen
Normal : Arturs Kulda, Thomas Hickey, Gord Baldwin - PP : Arturs Kulda - PK : Thomas Hickey, Gord Baldwin
Penalty Shots
Pavel Brendl, Chris Stewart, Brendon Segal, Antti Laaksonen, Jesse Winchester
Icehogs
5 vs 5 Forward
Center Left Wing Right Wing Time % Phy DF OF
1 Gilbert Brule Nikolai Kulemin Richard Park 40 1 2 2
2 Andrew Murray Niklas Hagman Stanislav Chistov 30 1 2 2
3 Darren Helm Ville Nieminen Jason King 20 1 2 2
4 Josh Hennessy Brett Sterling Travis Moen 10 1 2 2
5 vs 5 Defense
Defense Defense Time % Phy DF OF
1 Paul Ranger Ryan Parent 40 1 2 2
2 Vladimir Mihalik Milan Jurcina 30 1 2 2
3 Logan Stephenson Karl Alzner 20 1 2 2
4 Paul Ranger Ryan Parent 10 1 2 2
PowerPlay Forward
Center Left Wing Right Wing Time % Phy DF OF
1 Gilbert Brule Niklas Hagman Richard Park 60 1 2 2
2 Andrew Murray Ville Nieminen Stanislav Chistov 40 1 2 2
PowerPlay Defense
Defense Defense Time % Phy DF OF
1 Paul Ranger Ryan Parent 60 1 2 2
2 Vladimir Mihalik Milan Jurcina 40 1 2 2
Penalty Kill 4 Players Forward
Center Wing Time % Phy DF OF
1 Niklas Hagman Richard Park 60 1 2 2
2 Ville Nieminen Nikolai Kulemin 40 1 2 2
Penalty Kill 4 Players Defense
Defense Defense Time % Phy DF OF
1 Paul Ranger Ryan Parent 60 1 2 2
2 Vladimir Mihalik Milan Jurcina 40 1 2 2
Penalty Kill - 3 Players Forward
Forward Time % Phy DF OF
1 Niklas Hagman 60 1 2 2
2 Richard Park 40 1 2 2
Penalty Kill - 3 Players Defense
Defense Defense Time % Phy DF OF
1 Paul Ranger Ryan Parent 60 1 2 2
2 Vladimir Mihalik Milan Jurcina 40 1 2 2
4 vs 4 Forward
Center Wing Time % Phy DF OF
1 Niklas Hagman Richard Park 60 1 2 2
2 Ville Nieminen Nikolai Kulemin 40 1 2 2
4 vs 4 Defense
Defense Defense Time % Phy DF OF
1 Paul Ranger Ryan Parent 60 1 2 2
2 Vladimir Mihalik Milan Jurcina 40 1 2 2
Last Minutes Offensive
Center Left Wing Right Wing Defense Defense
Gilbert Brule Niklas Hagman Richard Park Paul Ranger Ryan Parent
Last Minutes Defensive
Center Left Wing Right Wing Defense Defense
Gilbert Brule Niklas Hagman Richard Park Paul Ranger Ryan Parent
Goaltenders
Starting : José Theodore
Backup : Jeff Deslauriers
Extra Forwards
Normal : Jason King, Darren Helm, Josh Hennessy - PP : Jason King, Darren Helm - PK : Josh Hennessy
Extra Defensemen
Normal : Logan Stephenson, Karl Alzner, Vladimir Mihalik - PP : Logan Stephenson - PK : Karl Alzner, Vladimir Mihalik
Penalty Shots
Niklas Hagman, Richard Park, Ville Nieminen, Nikolai Kulemin, Stanislav Chistov
% Time on Ice - High Goats
Lines # - Real PCT - Wanted PCT - Time Play
Normal Forward
1 - 33% - 40% - 13:23
2 - 26% - 30% - 10:25
3 - 27% - 20% - 10:50
4 - 15% - 10% - 6:01
Normal Defense
1 - 40% - 40% - 16:20
2 - 36% - 30% - 14:46
3 - 22% - 20% - 8:54
4 - 2% - 10% - 0:39
PP Forward
1 - 62% - 60% - 5:24
2 - 38% - 40% - 3:17
PP Defense
1 - 63% - 60% - 5:27
2 - 37% - 40% - 3:14
PK Forward
1 - 74% - 60% - 5:06
2 - 26% - 40% - 1:45
PK Defense
1 - 64% - 60% - 4:25
2 - 36% - 40% - 2:26
PK3 Forward
1 - 79% - 60% - 1:31
2 - 21% - 40% - 0:24
PK3 Defense
1 - 52% - 60% - 1:00
2 - 48% - 40% - 0:55
44 Forward
1 - 96% - 60% - 1:50
2 - 4% - 40% - 0:04
44 Defense
1 - 64% - 60% - 1:13
2 - 36% - 40% - 0:41
Last Minute Offensive - 0:00
Last Minute Defensive - 0:00
Total
Forward - 60:00
Defense - 60:00
|
% Time on Ice - Icehogs
Lines # - Real PCT - Wanted PCT - Time Play
Normal Forward
1 - 32% - 40% - 13:10
2 - 25% - 30% - 10:00
3 - 24% - 20% - 9:49
4 - 19% - 10% - 7:40
Normal Defense
1 - 40% - 40% - 16:11
2 - 33% - 30% - 13:26
3 - 23% - 20% - 9:13
4 - 4% - 10% - 1:49
PP Forward
1 - 55% - 60% - 3:47
2 - 45% - 40% - 3:04
PP Defense
1 - 64% - 60% - 4:24
2 - 36% - 40% - 2:27
PK Forward
1 - 70% - 60% - 6:05
2 - 30% - 40% - 2:36
PK Defense
1 - 70% - 60% - 6:03
2 - 30% - 40% - 2:38
PK3 Forward
1 - 0% - 60%
2 - 0% - 40%
PK3 Defense
1 - 0% - 60%
2 - 0% - 40%
44 Forward
1 - 79% - 60% - 3:01
2 - 21% - 40% - 0:48
44 Defense
1 - 73% - 60% - 2:48
2 - 27% - 40% - 1:01
Last Minute Offensive - 0:00
Last Minute Defensive - 0:00
Total
Forward - 60:00
Defense - 60:00
|
Play by Play
1st period
0:01 of 1st period - Jesse Winchester wins face-off versus Gilbert Brule in neutral zone.
0:06 of 1st period - Backhand shot by Antti Laaksonen.
0:06 of 1st period - Shot Blocked by Paul Ranger.
0:48 of 1st period - Snap shot by Brendon Segal.
0:48 of 1st period - Shot Blocked by Milan Jurcina.
0:59 of 1st period - Minor Penalty to Vladimir Mihalik for High sticking.
1:00 of 1st period - Richard Park wins face-off versus Jesse Winchester in Icehogs zone.
1:17 of 1st period - Ryan Parent is hit by Antti Laaksonen and loses puck.
1:36 of 1st period - Snap shot by Joël Perrault.
1:36 of 1st period - Stopped by José Theodore without a rebound.
1:37 of 1st period - Ville Nieminen wins face-off versus Jesse Winchester in Icehogs zone.
1:50 of 1st period - Snap shot by Richard Park.
1:50 of 1st period - Shot Misses the Net.
2:34 of 1st period - Pavel Brendl is hit by Paul Ranger and loses puck.
2:42 of 1st period - Icing by Matt Taormina.
2:43 of 1st period - Ville Nieminen wins face-off versus Joël Perrault in High Goats zone.
2:48 of 1st period - Wrist shot by Ville Nieminen.
2:48 of 1st period - Shot Blocked by Matt Taormina.
2:59 of 1st period - Penalty to Vladimir Mihalik is over, Vladimir Mihalik is back on ice.
3:24 of 1st period - Minor Penalty to Logan Stephenson for Roughing.
3:25 of 1st period - Niklas Hagman wins face-off versus Jesse Winchester in Icehogs zone.
3:38 of 1st period - Snap shot by Jesse Winchester.
3:38 of 1st period - Stopped by José Theodore without a rebound.
3:39 of 1st period - Niklas Hagman wins face-off versus Jesse Winchester in Icehogs zone.
3:39 of 1st period - Niklas Hagman is hit by Anton Stralman.
3:47 of 1st period - Snap shot by Richard Park.
3:47 of 1st period - Shot Misses the Net.
3:53 of 1st period - Snap shot by Chris Stewart.
3:53 of 1st period - Shot Misses the Net.
5:24 of 1st period - Penalty to Logan Stephenson is over, Logan Stephenson is back on ice.
5:42 of 1st period - Snap shot by Josh Hennessy.
5:42 of 1st period - Stopped by Al Montoya without a rebound.
5:43 of 1st period - Brendon Segal wins face-off versus Darren Helm in High Goats zone.
6:23 of 1st period - Wrist shot by Ville Nieminen.
6:23 of 1st period - Shot Misses the Net.
6:27 of 1st period - Snap shot by Darren Helm.
6:27 of 1st period - Shot Blocked by Thomas Hickey.
6:31 of 1st period - Wrist shot by Darren Helm.
6:31 of 1st period - Shot Misses the Net.
6:37 of 1st period - Snap shot by Darren Helm.
6:37 of 1st period - Stopped by Al Montoya without a rebound.
6:38 of 1st period - Gilbert Brule wins face-off versus Jesse Winchester in High Goats zone.
6:38 of 1st period - Minor Penalty to Jesse Winchester for Holding.
6:39 of 1st period - Petteri Wirtanen wins face-off versus Gilbert Brule in High Goats zone.
6:39 of 1st period - Petteri Wirtanen is hit by Richard Park.
7:53 of 1st period - Icing by Niklas Hagman.
7:54 of 1st period - Joël Perrault wins face-off versus Gilbert Brule in Icehogs zone.
8:03 of 1st period - Sami Lepisto is hit by Ville Nieminen and loses puck.
8:38 of 1st period - Penalty to Jesse Winchester is over, Jesse Winchester is back on ice.
9:12 of 1st period - Snap shot by Joël Perrault.
9:12 of 1st period - Stopped by José Theodore with a rebound.
9:18 of 1st period - Jiri Tlusty is hit by Jason King and loses puck.
9:47 of 1st period - Petteri Wirtanen is hit by Vladimir Mihalik and loses puck.
10:07 of 1st period - Paul Ranger is hit by Brendon Segal and loses puck.
10:22 of 1st period - Jesse Winchester is hit by Gilbert Brule and loses puck.
10:53 of 1st period - Snap shot by Darren Helm.
10:53 of 1st period - Stopped by Al Montoya without a rebound.
10:54 of 1st period - Joël Perrault wins face-off versus Gilbert Brule in High Goats zone.
10:54 of 1st period - Joël Perrault is hit by Richard Park.
11:48 of 1st period - Wrist shot by Jesse Winchester.
11:48 of 1st period - Stopped by José Theodore with a rebound.
13:22 of 1st period - Off-side.
13:23 of 1st period - Gilbert Brule wins face-off versus Nick Bonino in neutral zone.
13:28 of 1st period - Slapshot by Richard Park.
13:28 of 1st period - Shot Blocked by Anton Stralman.
14:16 of 1st period - Slapshot by Pavel Brendl.
14:16 of 1st period - Stopped by José Theodore without a rebound.
14:17 of 1st period - Jason King wins face-off versus Joël Perrault in Icehogs zone.
14:22 of 1st period - Pavel Brendl is hit by Ville Nieminen and loses puck.
14:43 of 1st period - Joël Perrault is hit by Ville Nieminen and loses puck.
14:58 of 1st period - Slapshot by Jiri Tlusty.
14:58 of 1st period - Shot Misses the Net.
15:04 of 1st period - Wrist shot by Pavel Brendl.
15:04 of 1st period - Shot Misses the Net.
15:06 of 1st period - Snap shot by Jiri Tlusty.
15:06 of 1st period - Stopped by José Theodore without a rebound.
15:07 of 1st period - Gilbert Brule wins face-off versus Jesse Winchester in Icehogs zone.
15:44 of 1st period - Vladimir Mihalik is hit by Petteri Wirtanen and loses puck.
15:57 of 1st period - Vladimir Mihalik is hit by Brandon Bollig and loses puck.
16:06 of 1st period - Gord Baldwin is hit by Josh Hennessy and loses puck.
17:01 of 1st period - Nikolai Kulemin is hit by Arturs Kulda.
17:20 of 1st period - Sami Lepisto is hit by Brett Sterling and loses puck.
17:59 of 1st period - Milan Jurcina is hit by Sami Lepisto and loses puck.
18:35 of 1st period - Gilbert Brule is hit by Brandon Bollig.
18:49 of 1st period - Gord Baldwin is hit by Vladimir Mihalik and loses puck.
18:54 of 1st period - Snap shot by Josh Hennessy.
18:54 of 1st period - Shot Blocked by Gord Baldwin.
18:56 of 1st period - Wrist shot by Brett Sterling.
18:56 of 1st period - Shot Misses the Net.
18:58 of 1st period - Slapshot by Paul Ranger.
18:58 of 1st period - Shot Misses the Net.
19:17 of 1st period - Snap shot by Sami Lepisto.
19:17 of 1st period - Deflect By Brendon Segal.
19:17 of 1st period - Shot Misses the Net.
19:17 of 1st period - Puck is out of play.
19:18 of 1st period - Jesse Winchester wins face-off versus Andrew Murray in Icehogs zone.
19:23 of 1st period - Backhand shot by Chris Stewart.
19:23 of 1st period - Stopped by José Theodore without a rebound.
19:24 of 1st period - Jesse Winchester wins face-off versus Gilbert Brule in Icehogs zone.
19:25 of 1st period - Snap shot by Antti Laaksonen.
19:25 of 1st period - Stopped by José Theodore with a rebound.
19:26 of 1st period - Minor Penalty to Antti Laaksonen for High sticking.
19:27 of 1st period - Niklas Hagman wins face-off versus Petteri Wirtanen in High Goats zone.
19:30 of 1st period - Wrist shot by Richard Park.
19:30 of 1st period - Stopped by Al Montoya with a rebound.
19:32 of 1st period - Snap shot by Niklas Hagman.
19:32 of 1st period - Shot Misses the Net.
19:34 of 1st period - Snap shot by Niklas Hagman.
19:34 of 1st period - Goal by Niklas Hagman - High Goats : 0 - Icehogs : 1.
19:35 of 1st period - Gilbert Brule wins face-off versus Jesse Winchester in neutral zone.
19:50 of 1st period - Snap shot by Gilbert Brule.
19:50 of 1st period - Shot Blocked by Chris Stewart.
2nd period
0:01 of 2nd period - Jesse Winchester wins face-off versus Gilbert Brule in neutral zone.
1:19 of 2nd period - Snap shot by Josh Hennessy.
1:19 of 2nd period - Stopped by Al Montoya with a rebound.
1:39 of 2nd period - Snap shot by Stanislav Chistov.
1:39 of 2nd period - Shot Misses the Net.
1:55 of 2nd period - Snap shot by Gilbert Brule.
1:55 of 2nd period - Shot Misses the Net.
2:15 of 2nd period - Slapshot by Paul Ranger.
2:15 of 2nd period - Shot Misses the Net.
2:23 of 2nd period - Snap shot by Antti Laaksonen.
2:23 of 2nd period - Shot Blocked by Paul Ranger.
2:29 of 2nd period - Wrist shot by Antti Laaksonen.
2:29 of 2nd period - Stopped by José Theodore without a rebound.
2:30 of 2nd period - Andrew Murray wins face-off versus Joël Perrault in Icehogs zone.
2:35 of 2nd period - Snap shot by Niklas Hagman.
2:35 of 2nd period - Goal by Niklas Hagman - High Goats : 0 - Icehogs : 2.
2:36 of 2nd period - Joël Perrault wins face-off versus Gilbert Brule in neutral zone.
3:01 of 2nd period - Matt Frattin is hit by Milan Jurcina and loses puck.
3:44 of 2nd period - Slapshot by Sami Lepisto.
3:44 of 2nd period - Stopped by José Theodore without a rebound.
3:45 of 2nd period - Joël Perrault wins face-off versus Josh Hennessy in Icehogs zone.
4:23 of 2nd period - Wrist shot by Antti Laaksonen.
4:23 of 2nd period - Shot Blocked by Ryan Parent.
4:39 of 2nd period - Ryan Parent is hit by Drayson Bowman and loses puck.
4:58 of 2nd period - Snap shot by Andrew Murray.
4:58 of 2nd period - Shot Misses the Net.
5:06 of 2nd period - Ville Nieminen is hit by Gord Baldwin and loses puck.
5:19 of 2nd period - Wrist shot by Pavel Brendl.
5:19 of 2nd period - Shot Misses the Net.
5:27 of 2nd period - Slapshot by Brett Sterling.
5:27 of 2nd period - Stopped by Al Montoya without a rebound.
5:27 of 2nd period - Minor Penalty to Ryan Parent for Hooking.
5:28 of 2nd period - Niklas Hagman wins face-off versus Jesse Winchester in Icehogs zone.
5:28 of 2nd period - Niklas Hagman is hit by Chris Stewart.
7:27 of 2nd period - Penalty to Ryan Parent is over, Ryan Parent is back on ice.
7:41 of 2nd period - Darren Helm is hit by Matt Taormina.
7:51 of 2nd period - Gord Baldwin is hit by Niklas Hagman and loses puck.
7:59 of 2nd period - Icing by Gord Baldwin.
8:00 of 2nd period - Josh Hennessy wins face-off versus Petteri Wirtanen in High Goats zone.
8:11 of 2nd period - Slapshot by Travis Moen.
8:11 of 2nd period - Stopped by Al Montoya without a rebound.
8:12 of 2nd period - Joël Perrault wins face-off versus Gilbert Brule in High Goats zone.
8:12 of 2nd period - Joël Perrault is hit by Gilbert Brule.
8:19 of 2nd period - Off-side.
8:20 of 2nd period - Joël Perrault wins face-off versus Gilbert Brule in neutral zone.
8:53 of 2nd period - Snap shot by Chris Stewart.
8:53 of 2nd period - Stopped by José Theodore without a rebound.
8:54 of 2nd period - Andrew Murray wins face-off versus Pavel Brendl in Icehogs zone.
9:05 of 2nd period - Wrist shot by Andrew Murray.
9:05 of 2nd period - Goal by Andrew Murray - High Goats : 0 - Icehogs : 3.
9:06 of 2nd period - Gilbert Brule wins face-off versus Jesse Winchester in neutral zone.
9:38 of 2nd period - Wrist shot by Pavel Brendl.
9:38 of 2nd period - Shot Misses the Net.
9:40 of 2nd period - Backhand shot by Joël Perrault.
9:40 of 2nd period - Shot Misses the Net.
10:34 of 2nd period - Wrist shot by Antti Laaksonen.
10:34 of 2nd period - Goal by Antti Laaksonen - High Goats : 1 - Icehogs : 3.
10:35 of 2nd period - Gilbert Brule wins face-off versus Jesse Winchester in neutral zone.
10:43 of 2nd period - Snap shot by Richard Park.
10:43 of 2nd period - Shot Misses the Net.
10:45 of 2nd period - Wrist shot by Gilbert Brule.
10:45 of 2nd period - Shot Blocked by Sami Lepisto.
10:47 of 2nd period - Wrist shot by Nikolai Kulemin.
10:47 of 2nd period - Shot Misses the Net.
10:49 of 2nd period - Slapshot by Richard Park.
10:49 of 2nd period - Shot Blocked by Sami Lepisto.
10:51 of 2nd period - Snap shot by Richard Park.
10:51 of 2nd period - Shot Blocked by Jesse Winchester.
11:17 of 2nd period - Andrew Murray is hit by Anton Stralman and loses puck.
12:08 of 2nd period - Off-side.
12:09 of 2nd period - Josh Hennessy wins face-off versus Jesse Winchester in neutral zone.
12:14 of 2nd period - Wrist shot by Travis Moen.
12:14 of 2nd period - Stopped by Al Montoya with a rebound.
12:18 of 2nd period - Snap shot by Brett Sterling.
12:18 of 2nd period - Shot Misses the Net.
12:20 of 2nd period - Wrist shot by Josh Hennessy.
12:20 of 2nd period - Stopped by Al Montoya with a rebound.
12:22 of 2nd period - Snap shot by Brett Sterling.
12:22 of 2nd period - Stopped by Al Montoya with a rebound.
12:24 of 2nd period - Slapshot by Logan Stephenson.
12:24 of 2nd period - Deflect By Josh Hennessy.
12:24 of 2nd period - Shot Misses the Net.
12:24 of 2nd period - Puck is out of play.
12:25 of 2nd period - Joël Perrault wins face-off versus Nikolai Kulemin in High Goats zone.
12:52 of 2nd period - Niklas Hagman is hit by Jesse Winchester and loses puck.
13:07 of 2nd period - Stanislav Chistov is hit by Chris Stewart and loses puck.
13:38 of 2nd period - Slapshot by Ryan Parent.
13:38 of 2nd period - Stopped by Al Montoya without a rebound.
13:39 of 2nd period - Gilbert Brule wins face-off versus Nick Bonino in High Goats zone.
13:40 of 2nd period - Backhand shot by Richard Park.
13:40 of 2nd period - Shot Misses the Net.
13:54 of 2nd period - Slapshot by Nick Bonino.
13:54 of 2nd period - Deflect By Brendon Segal.
13:54 of 2nd period - Stopped by José Theodore with a rebound.
14:04 of 2nd period - Matt Taormina is hit by Andrew Murray and loses puck.
14:15 of 2nd period - Minor Penalty to Jesse Winchester for Roughing.
14:16 of 2nd period - Gilbert Brule wins face-off versus Petteri Wirtanen in High Goats zone.
14:25 of 2nd period - Snap shot by Niklas Hagman.
14:25 of 2nd period - Shot Misses the Net.
16:15 of 2nd period - Penalty to Jesse Winchester is over, Jesse Winchester is back on ice.
16:18 of 2nd period - Petteri Wirtanen is hit by Jason King and loses puck.
16:33 of 2nd period - Josh Hennessy is hit by Jiri Tlusty and loses puck.
17:15 of 2nd period - Off-side.
17:16 of 2nd period - Josh Hennessy wins face-off versus Jesse Winchester in neutral zone.
17:19 of 2nd period - Slapshot by Vladimir Mihalik.
17:19 of 2nd period - Deflect By Chris Stewart.
17:19 of 2nd period - Goal by Vladimir Mihalik - High Goats : 1 - Icehogs : 4.
17:19 of 2nd period - Jean-Sébastien Aubin enters game.
17:20 of 2nd period - Jesse Winchester wins face-off versus Gilbert Brule in neutral zone.
17:27 of 2nd period - Wrist shot by Richard Park.
17:27 of 2nd period - Stopped by Jean-Sébastien Aubin with a rebound.
17:45 of 2nd period - Stanislav Chistov is hit by Pavel Brendl and loses puck.
18:06 of 2nd period - Wrist shot by Jason King.
18:06 of 2nd period - Stopped by Jean-Sébastien Aubin with a rebound.
18:12 of 2nd period - Gord Baldwin is hit by Ville Nieminen and loses puck.
18:31 of 2nd period - Slapshot by Sami Lepisto.
18:31 of 2nd period - Stopped by José Theodore with a rebound.
18:33 of 2nd period - Slapshot by Sami Lepisto.
18:33 of 2nd period - Stopped by José Theodore without a rebound.
18:34 of 2nd period - Andrew Murray wins face-off versus Jesse Winchester in Icehogs zone.
18:34 of 2nd period - Andrew Murray is hit by Antti Laaksonen.
18:40 of 2nd period - Snap shot by Antti Laaksonen.
18:40 of 2nd period - Stopped by José Theodore without a rebound.
18:41 of 2nd period - Jesse Winchester wins face-off versus Andrew Murray in Icehogs zone.
19:06 of 2nd period - Wrist shot by Joël Perrault.
19:06 of 2nd period - Shot Blocked by Gilbert Brule.
19:07 of 2nd period - Minor Penalty to Paul Ranger for Delaying the game.
19:08 of 2nd period - Niklas Hagman wins face-off versus Jesse Winchester in Icehogs zone.
19:43 of 2nd period - Wrist shot by Pavel Brendl.
19:43 of 2nd period - Shot Misses the Net.
3rd period
0:01 of 3rd period - Niklas Hagman wins face-off versus Jesse Winchester in neutral zone.
0:12 of 3rd period - Snap shot by Anton Stralman.
0:12 of 3rd period - Stopped by José Theodore without a rebound.
0:13 of 3rd period - Niklas Hagman wins face-off versus Antti Laaksonen in Icehogs zone.
0:28 of 3rd period - Slapshot by Anton Stralman.
0:28 of 3rd period - Stopped by José Theodore without a rebound.
0:29 of 3rd period - Niklas Hagman wins face-off versus Jesse Winchester in Icehogs zone.
0:55 of 3rd period - Icing by Sami Lepisto.
0:56 of 3rd period - Joël Perrault wins face-off versus Niklas Hagman in High Goats zone.
1:07 of 3rd period - Penalty to Paul Ranger is over, Paul Ranger is back on ice.
1:24 of 3rd period - Off-side.
1:25 of 3rd period - Darren Helm wins face-off versus Nick Bonino in neutral zone.
1:45 of 3rd period - Minor Penalty to Travis Moen for Tripping.
1:46 of 3rd period - Jesse Winchester wins face-off versus Niklas Hagman in Icehogs zone.
1:51 of 3rd period - Snap shot by Antti Laaksonen.
1:51 of 3rd period - Shot Misses the Net.
1:53 of 3rd period - Slapshot by Anton Stralman.
1:53 of 3rd period - Goal by Anton Stralman - High Goats : 2 - Icehogs : 4.
1:54 of 3rd period - Jesse Winchester wins face-off versus Gilbert Brule in neutral zone.
2:07 of 3rd period - Jesse Winchester is hit by Gilbert Brule and loses puck.
2:26 of 3rd period - Slapshot by Stanislav Chistov.
2:26 of 3rd period - Shot Misses the Net.
2:28 of 3rd period - Wrist shot by Niklas Hagman.
2:28 of 3rd period - Shot Misses the Net.
3:31 of 3rd period - Wrist shot by Antti Laaksonen.
3:31 of 3rd period - Shot Misses the Net.
3:33 of 3rd period - Slapshot by Jesse Winchester.
3:33 of 3rd period - Stopped by José Theodore with a rebound.
4:04 of 3rd period - Brandon Bollig is hit by Karl Alzner and loses puck.
4:09 of 3rd period - Wrist shot by Ville Nieminen.
4:09 of 3rd period - Shot Blocked by Gord Baldwin.
4:11 of 3rd period - Snap shot by Ville Nieminen.
4:11 of 3rd period - Stopped by Jean-Sébastien Aubin with a rebound.
4:47 of 3rd period - Wrist shot by Brett Sterling.
4:47 of 3rd period - Stopped by Jean-Sébastien Aubin with a rebound.
4:49 of 3rd period - Wrist shot by Nikolai Kulemin.
4:49 of 3rd period - Shot Misses the Net.
4:51 of 3rd period - Slapshot by Karl Alzner.
4:51 of 3rd period - Stopped by Jean-Sébastien Aubin with a rebound.
4:57 of 3rd period - Snap shot by Gilbert Brule.
4:57 of 3rd period - Shot Misses the Net.
6:04 of 3rd period - Minor Penalty to Matt Frattin for Roughing.
6:05 of 3rd period - Petteri Wirtanen wins face-off versus Richard Park in High Goats zone.
6:05 of 3rd period - Petteri Wirtanen is hit by Paul Ranger.
6:08 of 3rd period - Minor Penalty to Paul Ranger for Charging.
6:08 of 3rd period - Minor Penalty to Petteri Wirtanen for High sticking.
6:09 of 3rd period - Antti Laaksonen wins face-off versus Niklas Hagman in High Goats zone.
7:01 of 3rd period - Nikolai Kulemin is hit by Gord Baldwin and loses puck.
7:12 of 3rd period - Slapshot by Sami Lepisto.
7:12 of 3rd period - Stopped by José Theodore with a rebound.
8:04 of 3rd period - Penalty to Matt Frattin is over, Matt Frattin is back on ice.
8:04 of 3rd period - Icing by Chris Stewart.
8:05 of 3rd period - Chris Stewart wins face-off versus Josh Hennessy in High Goats zone.
8:08 of 3rd period - Penalty to Paul Ranger is over, Paul Ranger is back on ice.
8:08 of 3rd period - Penalty to Petteri Wirtanen is over, Petteri Wirtanen is back on ice.
8:20 of 3rd period - Snap shot by Paul Ranger.
8:20 of 3rd period - Stopped by Jean-Sébastien Aubin with a rebound.
8:22 of 3rd period - Slapshot by Vladimir Mihalik.
8:22 of 3rd period - Stopped by Jean-Sébastien Aubin without a rebound.
8:23 of 3rd period - Andrew Murray wins face-off versus Joël Perrault in High Goats zone.
8:28 of 3rd period - Snap shot by Niklas Hagman.
8:28 of 3rd period - Stopped by Jean-Sébastien Aubin with a rebound.
8:32 of 3rd period - Wrist shot by Niklas Hagman.
8:32 of 3rd period - Stopped by Jean-Sébastien Aubin with a rebound.
8:34 of 3rd period - Snap shot by Andrew Murray.
8:34 of 3rd period - Goal by Andrew Murray - High Goats : 2 - Icehogs : 5.
8:35 of 3rd period - Jesse Winchester wins face-off versus Gilbert Brule in neutral zone.
8:42 of 3rd period - Wrist shot by Antti Laaksonen.
8:42 of 3rd period - Shot Blocked by Nikolai Kulemin.
8:44 of 3rd period - Wrist shot by Chris Stewart.
8:44 of 3rd period - Shot Blocked by Gilbert Brule.
8:46 of 3rd period - Slapshot by Sami Lepisto.
8:46 of 3rd period - Deflect By Chris Stewart.
8:46 of 3rd period - Stopped by José Theodore without a rebound.
8:47 of 3rd period - Gilbert Brule wins face-off versus Jesse Winchester in Icehogs zone.
8:47 of 3rd period - Gilbert Brule is hit by Anton Stralman.
9:19 of 3rd period - Slapshot by Ryan Parent.
9:19 of 3rd period - Stopped by Jean-Sébastien Aubin with a rebound.
9:48 of 3rd period - Wrist shot by Andrew Murray.
9:48 of 3rd period - Shot Misses the Net.
10:16 of 3rd period - Wrist shot by Nick Bonino.
10:16 of 3rd period - Shot Hit the Post.
10:18 of 3rd period - Snap shot by Brendon Segal.
10:18 of 3rd period - Deflect By Nick Bonino.
10:18 of 3rd period - Stopped by José Theodore with a rebound.
10:42 of 3rd period - Anton Stralman is hit by Stanislav Chistov and loses puck.
10:44 of 3rd period - Minor Penalty to Jiri Tlusty for Slashing.
10:45 of 3rd period - Gilbert Brule wins face-off versus Petteri Wirtanen in High Goats zone.
12:44 of 3rd period - Penalty to Jiri Tlusty is over, Jiri Tlusty is back on ice.
12:53 of 3rd period - Brett Sterling is hit by Pavel Brendl and loses puck.
14:16 of 3rd period - Jiri Tlusty is hit by Paul Ranger and loses puck.
14:35 of 3rd period - Slapshot by Matt Frattin.
14:35 of 3rd period - Shot Blocked by Andrew Murray.
14:47 of 3rd period - Wrist shot by Ville Nieminen.
14:47 of 3rd period - Goal by Ville Nieminen - High Goats : 2 - Icehogs : 6.
14:48 of 3rd period - Gilbert Brule wins face-off versus Jesse Winchester in neutral zone.
14:52 of 3rd period - Vladimir Mihalik beats up Chris Stewart.
14:52 of 3rd period - Penalty to Vladimir Mihalik for Fighting.
14:52 of 3rd period - Penalty to Chris Stewart for Fighting.
14:52 of 3rd period - Penalty to Vladimir Mihalik for instigated a fight.
14:52 of 3rd period - Penalty to Vladimir Mihalik for instigated and being the aggresor in a fight.
14:52 of 3rd period - Vladimir Mihalik is ejected from game.
14:53 of 3rd period - Niklas Hagman wins face-off versus Jesse Winchester in High Goats zone.
14:56 of 3rd period - Snap shot by Richard Park.
14:56 of 3rd period - Stopped by Jean-Sébastien Aubin without a rebound.
14:57 of 3rd period - Niklas Hagman wins face-off versus Jesse Winchester in High Goats zone.
15:06 of 3rd period - Slapshot by Anton Stralman.
15:06 of 3rd period - Stopped by José Theodore without a rebound.
15:07 of 3rd period - Jesse Winchester wins face-off versus Niklas Hagman in Icehogs zone.
15:20 of 3rd period - Wrist shot by Jesse Winchester.
15:20 of 3rd period - Goal by Jesse Winchester - High Goats : 3 - Icehogs : 6.
15:21 of 3rd period - Gilbert Brule wins face-off versus Jesse Winchester in neutral zone.
15:46 of 3rd period - Minor Penalty to Jiri Tlusty for High sticking.
15:47 of 3rd period - Gilbert Brule wins face-off versus Petteri Wirtanen in High Goats zone.
15:48 of 3rd period - Slapshot by Niklas Hagman.
15:48 of 3rd period - Shot Blocked by Anton Stralman.
15:50 of 3rd period - Snap shot by Richard Park.
15:50 of 3rd period - Stopped by Jean-Sébastien Aubin without a rebound.
15:51 of 3rd period - Richard Park wins face-off versus Petteri Wirtanen in High Goats zone.
15:52 of 3rd period - Snap shot by Niklas Hagman.
15:52 of 3rd period - Stopped by Jean-Sébastien Aubin without a rebound.
15:53 of 3rd period - Petteri Wirtanen wins face-off versus Gilbert Brule in High Goats zone.
15:55 of 3rd period - Minor Penalty to Ryan Parent for Hooking.
15:56 of 3rd period - Niklas Hagman wins face-off versus Jesse Winchester in Icehogs zone.
16:11 of 3rd period - Slapshot by Jesse Winchester.
16:11 of 3rd period - Shot Misses the Net.
16:29 of 3rd period - Icing by Richard Park.
16:30 of 3rd period - Jesse Winchester wins face-off versus Niklas Hagman in Icehogs zone.
16:31 of 3rd period - Snap shot by Nick Bonino.
16:31 of 3rd period - Stopped by José Theodore without a rebound.
16:32 of 3rd period - Jesse Winchester wins face-off versus Niklas Hagman in Icehogs zone.
16:43 of 3rd period - Snap shot by Nick Bonino.
16:43 of 3rd period - Shot Blocked by Paul Ranger.
17:09 of 3rd period - Snap shot by Nikolai Kulemin.
17:09 of 3rd period - Shot Misses the Net.
17:11 of 3rd period - Slapshot by Paul Ranger.
17:11 of 3rd period - Stopped by Jean-Sébastien Aubin with a rebound.
17:34 of 3rd period - Slapshot by Sami Lepisto.
17:34 of 3rd period - Deflect By Milan Jurcina.
17:34 of 3rd period - Stopped by José Theodore without a rebound.
17:35 of 3rd period - Jason King wins face-off versus Joël Perrault in Icehogs zone.
17:44 of 3rd period - Wrist shot by Jason King.
17:44 of 3rd period - Stopped by Jean-Sébastien Aubin without a rebound.
17:45 of 3rd period - Jesse Winchester wins face-off versus Niklas Hagman in High Goats zone.
17:45 of 3rd period - Jesse Winchester is hit by Richard Park.
17:46 of 3rd period - Penalty to Jiri Tlusty is over, Jiri Tlusty is back on ice.
17:55 of 3rd period - Penalty to Ryan Parent is over, Ryan Parent is back on ice.
18:05 of 3rd period - Snap shot by Jiri Tlusty.
18:05 of 3rd period - Shot Misses the Net.
18:07 of 3rd period - Wrist shot by Jesse Winchester.
18:07 of 3rd period - Shot Blocked by Karl Alzner.
18:09 of 3rd period - Snap shot by Jesse Winchester.
18:09 of 3rd period - Shot Blocked by Milan Jurcina.
18:11 of 3rd period - Wrist shot by Nick Bonino.
18:11 of 3rd period - Stopped by José Theodore with a rebound.
18:13 of 3rd period - Snap shot by Jesse Winchester.
18:13 of 3rd period - Shot Misses the Net.
18:15 of 3rd period - Slapshot by Thomas Hickey.
18:15 of 3rd period - Deflect By Nick Bonino.
18:15 of 3rd period - Stopped by José Theodore with a rebound.
18:17 of 3rd period - Slapshot by Gord Baldwin.
18:17 of 3rd period - Shot Misses the Net.
18:19 of 3rd period - Wrist shot by Jesse Winchester.
18:19 of 3rd period - Shot Misses the Net.
18:37 of 3rd period - Slapshot by Jesse Winchester.
18:37 of 3rd period - Shot Blocked by Karl Alzner.
18:39 of 3rd period - Slapshot by Gord Baldwin.
18:39 of 3rd period - Stopped by José Theodore with a rebound.
18:41 of 3rd period - Snap shot by Jesse Winchester.
18:41 of 3rd period - Stopped by José Theodore with a rebound.
18:43 of 3rd period - Slapshot by Gord Baldwin.
18:43 of 3rd period - Shot Misses the Net.
18:45 of 3rd period - Snap shot by Jiri Tlusty.
18:45 of 3rd period - Stopped by José Theodore with a rebound.
18:47 of 3rd period - Snap shot by Thomas Hickey.
18:47 of 3rd period - Stopped by José Theodore without a rebound.
18:48 of 3rd period - Darren Helm wins face-off versus Petteri Wirtanen in Icehogs zone.
18:48 of 3rd period - Darren Helm is hit by Petteri Wirtanen.
19:02 of 3rd period - Darren Helm is hit by Petteri Wirtanen and loses puck.
19:20 of 3rd period - Matt Taormina is hit by Josh Hennessy and loses puck.
19:25 of 3rd period - Slapshot by Josh Hennessy.
19:25 of 3rd period - Shot Misses the Net.
19:26 of 3rd period - Minor Penalty to Arturs Kulda for Tripping.
19:27 of 3rd period - Andrew Murray wins face-off versus Petteri Wirtanen in High Goats zone.
19:30 of 3rd period - Snap shot by Ville Nieminen.
19:30 of 3rd period - Shot Misses the Net.
19:32 of 3rd period - Snap shot by Andrew Murray.
19:32 of 3rd period - Stopped by Jean-Sébastien Aubin with a rebound.
19:34 of 3rd period - Slapshot by Ryan Parent.
19:34 of 3rd period - Deflect By Stanislav Chistov.
19:34 of 3rd period - Stopped by Jean-Sébastien Aubin without a rebound.
19:35 of 3rd period - Andrew Murray wins face-off versus Petteri Wirtanen in High Goats zone.
19:52 of 3rd period - Penalty to Chris Stewart is over, Chris Stewart is back on ice.
Output by the SimonT Hockey Simulator (STHS) for François Prévost -- Original Page W3C XHTML 1.0 Valid